 Dungeon Crawl Stone Soup version 0.22-a0-157-g169b76a (webtiles) character file.

34 MatthieuS the Conjurer (level 3, 0/18 HPs)
             Began as a Tengu Conjurer on Feb 8, 2018.
             Succumbed to an adder's poison
             ... on level 1 of the Dungeon.
             The game lasted 00:03:29 (1105 turns).

MatthieuS the Conjurer (Tengu Conjurer)             Turns: 1105, Time: 00:03:29

Health: 0/18       AC:  6    Str:  8    XL:     3   Next: 31%
Magic:  2/7        EV: 12    Int: 16    God:
Gold:   99         SH:  0    Dex: 14    Spells: 3/6 levels left

rFire    . . .     SeeInvis .   a - +0 dagger (freeze)
rCold    . . .     Gourm    .   (no shield)
rNeg     . . .     Faith    +   l - +0 leather armour
rPois    .         Spirit   .   (helmet restricted)
rElec    +         Reflect  .   (no cloak)
rCorr    .         Harm     .   m - +0 pair of gloves
MR       .....     Clarity  +   (boots unavailable)
Stlth    ++........             n - amulet of faith
HPRegen  0.06/turn              (no ring)
MPRegen  0.10/turn              (no ring)

@: lethally poisoned (0 -> -1)
A: beak, talons 3, thin metallic scales 1, blurry vision 1, clarity, frail 1,
electricity resistance
a: no special abilities


You were on level 1 of the Dungeon.
You were hungry.

You visited 1 branch of the dungeon, and saw 2 of its levels.

You collected 99 gold pieces.

Inventory:

Hand Weapons
 a - a +0 dagger of freezing (weapon)
 w - a +0 hunting sling
Missiles
 e - 18 stones (quivered)
Armour
 f - a +0 robe
 l - a +0 leather armour (worn)
 m - a +0 pair of gloves (worn)
Jewellery
 n - an amulet of faith (around neck)
Books
 b - a book of Conjurations

   Spells                             Type                      Level
   a - Magic Dart                     Conjuration                  1
   b - Searing Ray                    Conjuration                  2
   c - Dazzling Spray                 Conjuration/Hexes            3
   d - Fulminant Prism                Conjuration/Hexes            4
   e - Force Lance                    Conjuration/Translocation    4
   f - Iskenderun's Mystic Blast      Conjuration                  4
Comestibles
 c - 4 rations


   Skills:
 + Level 1.0 Fighting
 + Level 1.0 Armour
 + Level 2.5 Dodging
 + Level 2.3 Stealth
 + Level 2.2 Spellcasting
 + Level 5.5 Conjurations


You had 3 spell levels left.
You knew the following spells:

 Your Spells              Type           Power        Failure   Level  Hunger
a - Magic Dart            Conj           ###.         2%          1    #......
b - Searing Ray           Conj           ###...       4%          2    ###....


Dungeon Overview and Level Annotations

Branches:
Dungeon (2/15)

Altars:


Innate Abilities, Weirdness & Mutations

You have a beak for a mouth.
You have claws for feet.
You are partially covered in thin metallic scales. (AC +2)
Scrolls take you a little longer to read.
You possess an exceptional clarity of mind.
You are frail. (-10% HP)
You are resistant to electric shocks. (rElec)


Message History

As you read the scroll labeled OXEDICV TIOJEC, it crumbles to dust.
You feel strangely unstable.
It was a scroll of teleportation.
You begin reading the scroll.
You continue reading the scroll.
As you read the scroll labeled GEEKAC NYCAEBU, it crumbles to dust.
You feel blessed for a moment.
It was a scroll of remove curse.
* * * LOW HITPOINT WARNING * * *
You feel sick.
You begin reading the scroll.
You continue reading the scroll.
Your surroundings suddenly seem different.
As you read the scroll labeled WUIPRY NIPUM, it crumbles to dust.
You hear a loud clanging noise!
It was a scroll of noise.
You begin reading the scroll.
You continue reading the scroll.
As you read the scroll labeled XEWNEAJUMP, it crumbles to dust.
You assume a fearsome visage.
Nothing appears to happen.
It was a scroll of fear.
There is a lethal amount of poison in your body!
* * * LOW HITPOINT WARNING * * *
You feel sick.
You die...

#'###### #..#.........)#.# #.###.
.......###..#......#####.###.....
.......'....#.#########...#######
.......###..#.# ####.........####
.........#..#.# #.......<.......#
..............######.........####
.................# ####...####)..
.................# ###.##..#.##
...........>....@# #.......#...
#####............# #.####.##... #
####'####....# #.#..#...... #
#.####....#####.#..#......
#...................).....
#..........####.####......
#..........# #....+......
#..........# ######......
#..........# #......


There were no monsters in sight!

Vanquished Creatures
  2 adders (D:2)
  3 jackals (D:1)
  3 bats (D:1)
  A frilled lizard (D:1)
  2 goblins
  4 kobolds
  3 rats
18 creatures vanquished.

Notes
Turn   | Place    | Note
-------+----------+-------------------------------------------
     0 | D:1      | MatthieuS the Tengu Conjurer began the quest for the Orb.
     0 | D:1      | Reached XP level 1. HP: 10/10 MP: 4/4
   505 | D:1      | Reached XP level 2. HP: 7/16 MP: 4/6
   805 | D:1      | Learned a level 2 spell: Searing Ray
  1069 | D:2      | Gained mutation: Scrolls take you a little longer to read. [potion of mutation]
  1069 | D:2      | Gained mutation: You are resistant to electric shocks. (rElec) [potion of mutation]
  1069 | D:2      | Gained mutation: You are partially covered in thin metallic scales. (AC +2) [potion of mutation]
  1069 | D:2      | Gained mutation: You have a pair of small horns on your head. [potion of mutation]
  1080 | D:2      | Reached skill level 1 in Fighting
  1080 | D:2      | Reached XP level 3. HP: 9/20 MP: 1/7
  1082 | D:2      | Reached skill level 1 in Armour
  1087 | D:2      | Lost mutation: You have a pair of small horns on your head. [potion of mutation]
  1087 | D:2      | Gained mutation: You are frail. (-10% HP) [potion of mutation]
  1087 | D:2      | Gained mutation: You possess an exceptional clarity of mind. [potion of mutation]
  1105 | D:1      | Succumbed to an adder's poison

Vault maps used:
D:1:      dpeg_arrival_rhombus, palyth_stone_intersect
D:2:      okawaru_gym_becter

Skill      XL: |  1  2  3 |
---------------+----------+-----
Fighting       | 1 |  1.0
Armour         | 1 |  1.0
Dodging        | |  2.5
Stealth        | |  2.3
Spellcasting   | |  2.2
Conjurations   | |  5.5

Action                   || total
-------------------------++-------
Melee: Dagger            ||    12
       Peck              ||     2
       Kick              ||     1
 Fire: Hunting sling     ||    12
 Cast: Magic Dart        ||    14
       Searing Ray       ||     2
  Use: Potion            ||     3
       Scroll            ||     4
 Stab: Sleeping          ||     1
Armor: Leather armour    ||    12
Dodge: Dodged            ||    30

Table legend:
 A = Spawn XP
 B = Non-spawn XP
 C = Spawn XP percentage of total XP
 D = Spawn monster count
 E = Non-spawn monster count
 F = Spawn count percentage of total count
 G = Total turns spent on level
                    A         B        C        D         E        F      G
               +---------+---------+-------+---------+---------+-------+---------
         Total |       0 |      49 |   0.0 |       0 |      18 |   0.0 |  1105
               +---------+---------+-------+---------+---------+-------+---------
           D:1 |       0 |      18 |   0.0 |       0 |      13 |   0.0 |  1072
           D:2 |       0 |      31 |   0.0 |       0 |       5 |   0.0 |    33
               +---------+---------+-------+---------+---------+-------+---------
